[Event "Titled Tuesday Blitz April 25 Late 2023"]
[White "Silva, Miguel Antonio Neto"]
[Black "Leenhouts, Koen"]
[WhiteFideId "1911929"]
[BlackFideId "1008439"]
[WhiteElo "2223"]
[BlackElo "2409"]
[Result "1-0"]
[Round "06"]
[TimeControl "180+2"]
[Date "2023.04.25"]
[WhiteClock "0:00:19"]
[BlackClock "0:00:09"]

1. Nf3 Nf6 2. g3 g6 3. Bg2 Bg7 4. O-O O-O 5. d3 d5 6. Nbd2 Nc6 7. c3 Bg4 8. Qc2 Qd7 9. e4 Bh3 10. e5 Ne8 11. d4 Bxg2 12. Kxg2 Nd8 13. Re1 c5 14. Nf1 Rc8 15. Qe2 cxd4 16. cxd4 Nc7 17. Be3 Nce6 18. Rac1 Nc6 19. h4 Na5 20. b3 Rxc1 21. Rxc1 Rc8 22. Qd2 Rxc1 23. Qxc1 Qc7 24. Qxc7 Nxc7 25. Ne1 e6 26. Nc2 Bf8 27. Kf3 Nc6 28. Ke2 b5 29. a3 a5 30. Kd3 a4 31. Nd2 Na5 32. Kc3 axb3 33. Nxb3 Nc4 34. Nc5 Bxc5 35. dxc5 Nxe5 36. Bf4 f6 37. Bxe5 fxe5 38. Kb4 d4 39. Ka5 Kf7 40. Kb6 d3 41. Ne3 Nd5+ 42. Nxd5 exd5 43. c6 d2 44. c7 d1=Q 45. c8=Q Qd4+ 46. Kxb5 Qd3+ 47. Kb4 Qd2+ 48. Kb5 Qb2+ 49. Ka4 Qd4+ 50. Kb5 Qxf2 51. Qd7+ Kf6 52. Qxd5 Qxg3 53. a4 Qc3 54. Qd8+ Kf5 55. Qg5+ Ke4 56. Qg4+ Kd3 57. Qf3+ Kc2 58. Qxc3+ Kxc3 59. a5 e4 60. a6 e3 61. a7 e2 62. a8=Q e1=Q 63. Qa5+ Kc2 64. Qxe1 1-0


[Site "https://www.chess.com"]

[Event "Titled Tuesday Blitz April 25 Late 2023"]
[White "Baltic, Fatih"]
[Black "Martic, Ivan"]
[WhiteFideId "12979090"]
[BlackFideId "929301"]
[WhiteElo "2200"]
[BlackElo "2360"]
[Result "1-0"]
[Round "06"]
[TimeControl "180+2"]
[Date "2023.04.25"]
[WhiteClock "0:00:23"]
[BlackClock "0:00:19"]

1. e4 c6 2. d3 d5 3. Nd2 e5 4. Ngf3 Bd6 5. g3 Ne7 6. Bg2 O-O 7. O-O Nd7 8. a4 a5 9. Re1 b6 10. Nf1 Bb7 11. h4 f6 12. h5 Nc5 13. Nh4 d4 14. Bh3 Bc8 15. Bxc8 Qxc8 16. Nh2 b5 17. b3 bxa4 18. bxa4 Rb8 19. Bd2 Ne6 20. Bxa5 Bb4 21. Bxb4 Rxb4 22. a5 Qa6 23. Qg4 c5 24. N2f3 Rb2 25. Rec1 Rfb8 26. Nd2 Kf7 27. Nc4 R2b5 28. Nf5 Nxf5 29. Qxf5 g6 30. hxg6+ hxg6 31. Nxe5+ Ke7 32. Nxg6+ Kf7 33. Qh5 Kg7 34. Nh4 c4 35. Nf5+ Rxf5 36. Qxf5 Rb5 37. Qf3 c3 38. Rab1 Rb2 39. Qg4+ Kf7 40. Kg2 Qxa5 41. Rh1 Ng5 42. Qd7+ Kg6 43. Qe8+ Kg7 44. Qh8+ Kf7 45. Qh5+ Kg7 46. Rbc1 Qa4 47. Qe2 Qd7 48. f4 Nf7 49. Qh5 Qa4 50. Qe2 Qa8 51. Qf2 Qa6 52. Qxd4 Qc6 53. Kf3 Ra2 54. g4 Ra4 55. Qe3 Ra2 56. Rh2 Ra8 57. Rch1 Ra2 58. Qd4 Rxc2 59. Rxc2 1-0


[Site "https://www.chess.com"]

[Event "Titled Tuesday Blitz April 25 Late 2023"]
[White "Bryant, Todd"]
[Black "Vlassov, Nikolai"]
[WhiteFideId "2031299"]
[BlackFideId "4103360"]
[WhiteElo "2075"]
[BlackElo "2324"]
[Result "0-1"]
[Round "06"]
[TimeControl "180+2"]
[Date "2023.04.25"]
[WhiteClock "0:00:07"]
[BlackClock "0:00:31"]

1. e4 Nc6 2. d4 d5 3. e5 h5 4. c3 Bg4 5. f3 Bf5 6. Nd2 Qd7 7. f4 O-O-O 8. Ndf3 f6 9. b4 Nh6 10. Bb5 Nf7 11. Qa4 a6 12. Be2 Kb8 13. b5 Na7 14. Qb3 axb5 15. a4 b4 16. cxb4 e6 17. Bd2 fxe5 18. fxe5 Be7 19. b5 g5 20. h4 g4 21. Ng5 Nxg5 22. Bxg5 Bxg5 23. hxg5 h4 24. Bd3 Rdf8 25. Ne2 h3 26. gxh3 Rxh3 27. Rxh3 gxh3 28. O-O-O Qg7 29. Kb2 Qxg5 30. Qb4 Rh8 31. Bxf5 Qxf5 32. Ng3 Qf2+ 33. Rd2 Qxg3 34. Qe7 h2 35. Rc2 h1=Q 36. Qxc7+ Ka8 37. b6 Qge1 38. Qc5 Qa1+ 39. Kb3 Qhb1+ 40. Rb2 Qbxb2# 0-1


[Site "https://www.chess.com"]

[Event "Titled Tuesday Blitz April 25 Late 2023"]
[White "Sztokbant, Bernardo Vainzoff"]
[Black "Prieto Aranguren, Alain"]
[WhiteFideId "2115956"]
[BlackFideId "2268906"]
[WhiteElo "2222"]
[BlackElo "2209"]
[Result "1-0"]
[Round "06"]
[TimeControl "180+2"]
[Date "2023.04.25"]
[WhiteClock "0:00:28"]
[BlackClock "0:00:01"]

1. e4 c6 2. Nf3 d5 3. Nc3 Bg4 4. h3 Bh5 5. d3 e6 6. g3 Nf6 7. Qe2 Qa5 8. Bd2 Qb6 9. Bg2 d4 10. Nd1 c5 11. O-O Nc6 12. b3 a5 13. Nb2 Nb4 14. Nc4 Qc7 15. Bf4 Qd8 16. a3 Nc6 17. a4 Be7 18. g4 Bg6 19. Bg3 O-O 20. Nfd2 h5 21. f4 hxg4 22. hxg4 Nb4 23. Rfc1 Rc8 24. Bf3 Nd7 25. e5 Nd5 26. Ne4 Bh4 27. Qh2 Bxg3 28. Qxg3 f5 29. Ng5 Qe7 30. Nd6 fxg4 31. Nxc8 Rxc8 32. Bxg4 Nf8 33. Rf1 Ne3 34. Rf2 Bf5 35. Bf3 Ng6 36. Be4 b5 37. axb5 a4 38. Rxa4 Ng4 39. Bxf5 exf5 40. Re2 Nf8 41. b6 Ne6 42. Nxe6 Qxe6 43. b7 Rb8 44. Ra8 Qe8 45. Qf3 Kh7 46. e6 Kg6 47. e7 Qh8 48. Rxb8 Qxb8 49. e8=Q+ 1-0


[Site "https://www.chess.com"]

[Event "Titled Tuesday Blitz April 25 Late 2023"]
[White "Musovic, Armin"]
[Black "Harish, Neeraj"]
[WhiteFideId "939935"]
[BlackFideId "30958130"]
[WhiteElo "2322"]
[BlackElo "1965"]
[Result "1/2-1/2"]
[Round "06"]
[TimeControl "180+2"]
[Date "2023.04.25"]
[WhiteClock "0:00:13"]
[BlackClock "0:00:16"]

1. a3 d5 2. Nc3 Nf6 3. d3 e6 4. Bg5 Be7 5. e4 d4 6. Nce2 e5 7. Ng3 h6 8. Bd2 Bg4 9. N1e2 Nc6 10. h3 Be6 11. f4 exf4 12. Nxf4 Bd6 13. Qf3 Ne5 14. Qf2 O-O 15. Be2 c5 16. O-O Nfd7 17. Ngh5 g6 18. Nxe6 fxe6 19. Qg3 Kh7 20. Nf4 Qe7 21. Rf2 g5 22. Nh5 Nc4 23. Rxf8 Rxf8 24. Qe1 Nxd2 25. Qxd2 Qf7 26. Rf1 Qe7 27. Rxf8 Qxf8 28. Bg4 Qf7 29. Qf2 Qxf2+ 30. Kxf2 Nf8 31. a4 Kg6 32. Be2 Nd7 33. b3 Nf6 34. Nxf6 Kxf6 35. Bh5 Bc7 36. Kf3 a6 37. Be8 b6 38. Bd7 Bf4 39. Kg4 e5 40. Kh5 Kg7 41. Be8 a5 42. Bg6 Bc1 43. Bf5 Bd2 44. Bc8 Bc1 45. Kg4 Kf6 46. Kh5 Kg7 47. Bb7 Bd2 48. Kg4 Kf6 49. Bc8 Bc1 50. Bf5 Bd2 51. g3 Bc1 52. Kf3 Bd2 53. Ke2 Bc1 54. Ke1 Bb2 55. Kd1 Bc3 56. Ke2 Bb2 57. Kf3 Bc1 58. Kg4 Be3 59. h4 gxh4 60. Kxh4 Bg5+ 61. Kh5 Kg7 62. Bc8 Kf6 63. Kg4 Be3 64. Bd7 Bg5 65. Be8 Be3 66. Bd7 Bg5 67. Kf3 Be3 68. Kg4 1/2-1/2


[Site "https://www.chess.com"]

[Event "Titled Tuesday Blitz April 25 Late 2023"]
[White "Smith, Garrett L"]
[Black "Aggelis, Nikolaos"]
[WhiteFideId "2024829"]
[BlackFideId "4213220"]
[WhiteElo "2047"]
[BlackElo "2189"]
[Result "1/2-1/2"]
[Round "06"]
[TimeControl "180+2"]
[Date "2023.04.25"]
[WhiteClock "0:01:05"]
[BlackClock "0:00:50"]

1. e4 c6 2. d4 d5 3. e5 c5 4. Nf3 cxd4 5. Nxd4 Nc6 6. Nxc6 bxc6 7. c4 e6 8. Qa4 Bd7 9. Nc3 Ne7 10. Bd3 Ng6 11. f4 Qb6 12. Qc2 Bb4 13. a3 Bxc3+ 14. Qxc3 O-O 15. c5 Qc7 16. Be3 f6 17. Bd4 fxe5 18. fxe5 Nh4 19. Qc2 Nf5 20. Qc3 Be8 21. O-O-O Bg6 22. Rdf1 Nxd4 23. Qxd4 Bxd3 24. Qxd3 Qxe5 25. Re1 Qg5+ 26. Qe3 Qxe3+ 27. Rxe3 Rf6 28. Rhe1 Kf7 29. g4 Re8 30. g5 Rf5 31. h4 Rf4 32. Rb3 Rxh4 33. Rb7+ Re7 34. Rf1+ Ke8 35. Rb8+ Kd7 36. Rb7+ Ke8 37. Rb8+ Kd7 38. Rb7+ Ke8 1/2-1/2


[Site "https://www.chess.com"]

[Event "Titled Tuesday Blitz April 25 Late 2023"]
[White "Torres Dominguez, David"]
[Black "Remolar Gallen, Jose"]
[WhiteFideId "2220857"]
[BlackFideId "2215187"]
[WhiteElo "1999"]
[BlackElo "2223"]
[Result "0-1"]
[Round "06"]
[TimeControl "180+2"]
[Date "2023.04.25"]
[WhiteClock "0:01:50"]
[BlackClock "0:00:18"]

1. e4 c5 2. Nc3 g6 3. Nf3 Bg7 4. d4 cxd4 5. Nxd4 Nc6 6. Be3 Nf6 7. Bc4 O-O 8. f3 Qb6 9. Rb1 Nxe4 10. Nd5 Qa5+ 11. c3 Nf6 12. Nxc6 dxc6 13. Nxe7+ Kh8 14. Nxc8 Raxc8 15. O-O Rcd8 16. Qc2 Rfe8 17. Bf2 Nd5 18. Rfe1 Qc7 19. Bg3 Qb6+ 20. Bf2 Qc7 21. Bg3 Qb6+ 22. Kh1 Ne3 23. Qb3 Nxc4 24. Qb4 Qxb4 25. cxb4 Kg8 26. b3 Ne3 27. Bc7 Rc8 28. Bf4 Nd5 29. Bg3 Bc3 30. Rxe8+ Rxe8 31. a3 Re2 32. Bb8 a6 33. Rc1 Re1+ 34. Rxe1 Bxe1 35. g3 Bc3 36. Kg2 Bb2 37. a4 Nxb4 38. Kf2 f6 39. Ke3 Be5 40. f4 Bxb8 0-1


[Site "https://www.chess.com"]

[Event "Titled Tuesday Blitz April 25 Late 2023"]
[White "Preotu, Razvan"]
[Black "Florianovitz, Derlei Alex"]
[WhiteFideId "2613280"]
[BlackFideId "2114178"]
[WhiteElo "2407"]
[BlackElo "1953"]
[Result "1/2-1/2"]
[Round "06"]
[TimeControl "180+2"]
[Date "2023.04.25"]
[WhiteClock "0:00:22"]
[BlackClock "0:00:10"]

1. e4 e6 2. d4 d5 3. Nc3 Nf6 4. e5 Nfd7 5. f4 c5 6. Nf3 Nc6 7. Be3 a6 8. Qd2 b5 9. Be2 Qb6 10. Nd1 cxd4 11. Nxd4 Nxd4 12. Bxd4 Bc5 13. c3 Bb7 14. O-O Rc8 15. Kh1 a5 16. f5 exf5 17. Ne3 Bxd4 18. cxd4 g6 19. Bf3 Nf8 20. Rac1 Rxc1 21. Rxc1 Ne6 22. Nxd5 Bxd5 23. Rc8+ Nd8 24. Bxd5 O-O 25. Qh6 Qxd4 26. Bf3 Qxe5 27. Qc1 Ne6 28. Rc6 Nd4 29. Rc5 Qe7 30. Bd5 Rd8 31. h3 Ne2 32. Qc2 Ng3+ 33. Kh2 Qd6 34. Kg1 Re8 35. Rc8 Rxc8 36. Qxc8+ Kg7 37. Qc3+ f6 38. Qd3 Qe5 39. Kf2 Ne4+ 40. Bxe4 fxe4 41. Qd7+ Kh6 42. Qd2+ e3+ 43. Qxe3+ Qxe3+ 44. Kxe3 Kg5 45. Kd4 Kf4 46. Kc5 Kg3 47. Kxb5 f5 48. Kxa5 f4 49. b4 Kxg2 50. b5 f3 51. b6 f2 52. b7 f1=Q 53. b8=Q Qe1+ 54. Qb4 Qxb4+ 55. Kxb4 Kxh3 56. a4 g5 57. a5 g4 58. a6 g3 59. a7 g2 60. a8=Q g1=Q 61. Qf3+ Qg3 62. Qf1+ Qg2 63. Qd3+ Qg3 64. Qxh7+ Qh4+ 65. Qxh4+ Kxh4 1/2-1/2


[Site "https://www.chess.com"]

[Event "Titled Tuesday Blitz April 25 Late 2023"]
[White "Mickiewicz, Piotr"]
[Black "O`Gorman, Tom"]
[WhiteFideId "1114891"]
[BlackFideId "2508249"]
[WhiteElo "2246"]
[BlackElo "2271"]
[Result "0-1"]
[Round "06"]
[TimeControl "180+2"]
[Date "2023.04.25"]
[WhiteClock "0:00:42"]
[BlackClock "0:01:30"]

1. Nf3 c6 2. e4 d5 3. d3 g6 4. Nc3 Bg7 5. Bd2 Bg4 6. h3 Bxf3 7. Qxf3 e6 8. Qe2 Ne7 9. g3 Nd7 10. Bg2 O-O 11. O-O a5 12. a4 Nc5 13. Kh2 Qb6 14. Rab1 Rfe8 15. b3 Na6 16. e5 Nb4 17. Bg5 Nf5 18. Rfc1 Nd4 19. Qe3 c5 20. Nb5 Nbxc2 21. Qd2 Nxb5 22. Qxc2 Na3 23. Qxc5 Qxc5 24. Rxc5 Nxb1 25. d4 Rec8 26. Rb5 Rc7 27. Bf1 Nc3 28. Rb6 Bf8 29. h4 Bb4 30. h5 Ne4 31. Be3 gxh5 32. Be2 Bd2 33. Bxd2 Nxd2 34. Bxh5 Ra6 35. Rb5 Ne4 0-1


[Site "https://www.chess.com"]

[Event "Titled Tuesday Blitz April 25 Late 2023"]
[White "Perske, Thore"]
[Black "Harriott, Tyrell"]
[WhiteFideId "12902195"]
[BlackFideId "2086484"]
[WhiteElo "2336"]
[BlackElo "2107"]
[Result "0-1"]
[Round "06"]
[TimeControl "180+2"]
[Date "2023.04.25"]
[WhiteClock "0:00:14"]
[BlackClock "0:01:27"]

1. d4 e6 2. g3 d5 3. Bg2 Bd6 4. Nf3 f5 5. O-O Nf6 6. c4 c6 7. Nc3 O-O 8. Bf4 Bxf4 9. gxf4 Nbd7 10. e3 b6 11. b3 Ba6 12. Qe2 Ne4 13. Nxe4 fxe4 14. Ne5 Nxe5 15. fxe5 Qh4 16. f4 Rf5 17. Qf2 Qh6 18. Rfc1 g5 19. cxd5 cxd5 20. Rc7 gxf4 21. exf4 Kh8 22. Kh1 Rh5 23. Bf1 e3 24. Qc2 e2 25. Bxe2 Rxh2+ 0-1


[Site "https://www.chess.com"]

[Event "Titled Tuesday Blitz April 25 Late 2023"]
[White "Luong Phuong Hanh"]
[Black "Martinez Ramirez, Lennis"]
[WhiteFideId "12401013"]
[BlackFideId "3509079"]
[WhiteElo "2081"]
[BlackElo "2410"]
[Result "0-1"]
[Round "06"]
[TimeControl "180+2"]
[Date "2023.04.25"]
[WhiteClock "0:00:01"]
[BlackClock "0:00:57"]

1. d4 Nf6 2. Nf3 c5 3. d5 b5 4. Bg5 Ne4 5. Bf4 Qa5+ 6. c3 Bb7 7. e3 a6 8. Be2 d6 9. O-O Nd7 10. a4 b4 11. c4 g6 12. Nbd2 Nxd2 13. Nxd2 Bg7 14. Qc2 O-O 15. Rad1 Rad8 16. b3 Qc7 17. e4 e5 18. Be3 f5 19. exf5 gxf5 20. f4 e4 21. Kh1 Nf6 22. Rg1 Bc8 23. Rdf1 Rde8 24. Qd1 Kh8 25. Qe1 Rg8 26. Qh4 Qf7 27. h3 a5 28. g4 fxg4 29. hxg4 Nxd5 30. cxd5 Bd4 31. Nc4 Qxd5 32. Bxd4+ cxd4 33. Qf6+ Rg7 34. Qxd6 Bb7 35. Qxd5 Bxd5 36. Kh2 d3 37. Bd1 Bxc4 38. bxc4 e3 39. f5 e2 40. Bxe2 dxe2 41. Re1 Rc7 42. Rg2 Rxc4 43. Kh3 Rce4 44. Kh4 Kg7 45. Kh5 Re3 46. g5 R8e4 47. f6+ Kf7 48. Rh2 b3 49. Kh6 Kg8 50. f7+ Kxf7 51. Kxh7 Re7 52. g6+ Kf6+ 53. Kh6 Rf3 54. Kh5 b2 55. Kh6 Ree3 0-1


[Site "https://www.chess.com"]

[Event "Titled Tuesday Blitz April 25 Late 2023"]
[White "Fiorito, Francisco"]
[Black "Ansh M Shah"]
[WhiteFideId "180165"]
[BlackFideId "25033379"]
[WhiteElo "2341"]
[BlackElo "2084"]
[Result "1-0"]
[Round "06"]
[TimeControl "180+2"]
[Date "2023.04.25"]
[WhiteClock "0:00:58"]
[BlackClock "0:00:18"]

1. d4 Nf6 2. Nc3 b6 3. Bf4 Bb7 4. e3 d6 5. Qd2 Nbd7 6. h3 g6 7. Nf3 Bg7 8. Be2 O-O 9. O-O Re8 10. Rfd1 c6 11. a4 a6 12. Bh2 Qc7 13. b4 Rad8 14. Rdb1 c5 15. Ra3 Nb8 16. Rab3 cxb4 17. Rxb4 Rc8 18. Rxb6 Qxc3 19. Qxc3 Rxc3 20. Rxb7 Rxc2 21. Bd3 Rcc8 22. g4 Nd5 23. a5 Nc6 24. Bxa6 Nxa5 25. R7b5 Nc3 26. Bxc8 Rxc8 27. Rb8 Rf8 28. Rxf8+ Bxf8 29. Rb8 Kg7 30. h4 h6 31. Ra8 Nc4 32. Rc8 d5 33. Ne5 Nxe5 34. Bxe5+ f6 35. Bxf6+ exf6 36. Rxc3 f5 37. g5 hxg5 38. hxg5 Be7 39. f4 Bb4 40. Rc7+ Kf8 41. Rd7 Bd2 42. Kf2 1-0


[Site "https://www.chess.com"]

[Event "Titled Tuesday Blitz April 25 Late 2023"]
[White "Bueno, Alfeu Junior Varela"]
[Black "Novikov, Evgenij"]
[WhiteFideId "2108879"]
[BlackFideId "4125380"]
[WhiteElo "2175"]
[BlackElo "2242"]
[Result "0-1"]
[Round "06"]
[TimeControl "180+2"]
[Date "2023.04.25"]
[WhiteClock "0:00:11"]
[BlackClock "0:00:21"]

1. e4 e5 2. Nc3 Nf6 3. f4 d5 4. fxe5 Nxe4 5. Qf3 Nxc3 6. dxc3 Be6 7. Bf4 g5 8. Bg3 h5 9. h3 Bh6 10. Qf2 g4 11. Bf4 Nc6 12. Bb5 Qd7 13. O-O-O a6 14. Ba4 O-O-O 15. Ne2 b5 16. Bb3 Kb7 17. h4 a5 18. Bxh6 Rxh6 19. a4 b4 20. Qc5 Nxe5 21. Qxa5 bxc3 22. Nxc3 c6 23. Ne4 Qc7 24. Nc5+ Kc8 25. Qa8+ Qb8 26. Qxc6+ Nxc6 0-1


[Site "https://www.chess.com"]

[Event "Titled Tuesday Blitz April 25 Late 2023"]
[White "Fajdetic, Hrvoje"]
[Black "Korkmaz, Necmettin"]
[WhiteFideId "14501945"]
[BlackFideId "6303285"]
[WhiteElo "2185"]
[BlackElo "2097"]
[Result "1/2-1/2"]
[Round "06"]
[TimeControl "180+2"]
[Date "2023.04.25"]
[WhiteClock "0:00:07"]
[BlackClock "0:00:20"]

1. d4 d5 2. Bf4 c5 3. e3 Nc6 4. Nc3 a6 5. dxc5 e5 6. Bg3 d4 7. Na4 Bxc5 8. Nxc5 Qa5+ 9. Qd2 Qxc5 10. exd4 exd4 11. O-O-O Nf6 12. Nf3 Bg4 13. Be2 O-O 14. Nxd4 Rad8 15. Qc3 Qxc3 16. bxc3 Bxe2 17. Nxe2 Ne4 18. f3 Nf6 19. Nd4 Nd5 20. Rd3 Rfe8 21. Nxc6 bxc6 22. Rhd1 Rc8 23. c4 Ne3 24. R1d2 Nxc4 25. Rd1 Ne3 26. R1d2 Nf1 27. Rd1 Nxg3 28. hxg3 h6 29. Rd7 Re2 30. R1d2 Rce8 31. Rxe2 Rxe2 32. Rd2 Rxd2 33. Kxd2 Kf8 34. Ke3 Ke7 35. Kd4 Kd6 36. c4 c5+ 37. Ke4 Ke6 38. g4 g6 39. f4 f5+ 40. gxf5+ gxf5+ 41. Ke3 Kf6 42. Kf3 Kg7 43. Kg3 h5 44. Kh4 Kh6 45. Kh3 Kg6 46. Kh4 Kh6 47. Kh3 Kg6 48. Kh4 Kh6 1/2-1/2


[Site "https://www.chess.com"]

[Event "Titled Tuesday Blitz April 25 Late 2023"]
[White "Petrovic, Aleksa"]
[Black "Vifleemskaia, Svetlana"]
[WhiteFideId "967629"]
[BlackFideId "4129490"]
[WhiteElo "2309"]
[BlackElo "1930"]
[Result "1-0"]
[Round "06"]
[TimeControl "180+2"]
[Date "2023.04.25"]
[WhiteClock "0:00:18"]
[BlackClock "0:00:01"]

1. d4 Nf6 2. c4 e6 3. Nf3 Bb4+ 4. Nbd2 b6 5. g3 Bb7 6. Bg2 O-O 7. O-O Bxd2 8. Qxd2 Be4 9. Re1 a5 10. Bh3 d6 11. Nh4 h6 12. f3 Bb7 13. e4 Nbd7 14. b3 a4 15. Bb2 axb3 16. axb3 b5 17. Bf1 bxc4 18. bxc4 c5 19. d5 Rxa1 20. Rxa1 Qb6 21. Bh3 Ne5 22. Bxe5 dxe5 23. dxe6 fxe6 24. Ng6 Rd8 25. Qc3 Rd4 26. Nxe5 Qd6 27. Ng4 Nh5 28. Bg2 Rd1+ 29. Rxd1 Qxd1+ 30. Kf2 Qb1 31. Ne3 Nf6 32. Qc2 Qb4 33. e5 Nd7 34. f4 Bxg2 35. Kxg2 Qb7+ 36. Kh3 Qb4 37. Qg6 Nf8 38. Qe4 Qd2 39. f5 exf5 40. Nxf5 Qd1 41. e6 Qf1+ 42. Kg4 Ng6 43. h4 Qd1+ 44. Kh3 1-0


[Site "https://www.chess.com"]

[Event "Titled Tuesday Blitz April 25 Late 2023"]
[White "Moral Garcia, Serafin"]
[Black "Balague Camps, Marc"]
[WhiteFideId "2201925"]
[BlackFideId "2297914"]
[WhiteElo "2274"]
[BlackElo "2089"]
[Result "1-0"]
[Round "06"]
[TimeControl "180+2"]
[Date "2023.04.25"]
[WhiteClock "0:02:01"]
[BlackClock "0:01:57"]

1. Nf3 d5 2. b3 c5 3. e3 Nf6 4. Bb2 e6 5. c4 Be7 6. cxd5 exd5 7. Nc3 O-O 8. d4 b6 9. Bd3 Ba6 10. O-O Bxd3 11. Qxd3 Nc6 12. Rac1 Re8 13. Rfd1 Bf8 14. dxc5 Bxc5 15. Nxd5 Nxd5 16. Qxd5 Qxd5 17. Rxd5 Nb4 18. Rd7 Nxa2 19. Rcd1 Re7 20. Rd8+ Re8 21. Rxe8+ Rxe8 22. Ra1 Rd8 23. Kf1 Nb4 24. Rxa7 h6 25. Ke2 Rd3 26. Rxf7 Rxb3 27. Rxg7+ Kf8 28. Bf6 Nd5 29. Be5 Rb2+ 30. Bxb2 1-0


[Site "https://www.chess.com"]

[Event "Titled Tuesday Blitz April 25 Late 2023"]
[White "Arencibia Monduy, Antonio"]
[Black "Rodriguez Santiago, Jaime"]
[WhiteFideId "3507939"]
[BlackFideId "3100898"]
[WhiteElo "2122"]
[BlackElo "2025"]
[Result "1-0"]
[Round "06"]
[TimeControl "180+2"]
[Date "2023.04.25"]
[WhiteClock "0:00:32"]
[BlackClock "0:00:15"]

1. c4 Nf6 2. Nf3 e6 3. e3 d5 4. Nc3 c5 5. cxd5 exd5 6. d4 Nc6 7. Be2 cxd4 8. Nxd4 Bc5 9. O-O O-O 10. Bf3 h6 11. Nb3 Bb6 12. Nxd5 Nxd5 13. Bxd5 Nb4 14. Be4 Qh4 15. Qf3 Bc7 16. g3 Qe7 17. Bxb7 Bxb7 18. Qxb7 a5 19. Bd2 Nd3 20. Bc3 Rfb8 21. Qf3 Ne5 22. Qe4 a4 23. Nd4 Qf8 24. Nf5 Ng6 25. Bxg7 Qb4 26. Qxb4 Rxb4 27. Bc3 Rb7 28. Nxh6+ Kf8 29. Nf5 a3 30. b3 Rb5 31. e4 Ne5 32. Rac1 Nf3+ 33. Kg2 Ng5 34. Rfe1 Re8 35. f3 Ne6 36. h4 Bb6 37. Red1 Nc5 38. Bd4 Ne6 39. Bf6 Nc5 40. Nd6 Rb4 41. Nxe8 Kxe8 42. Bd4 Nxb3 43. Bxb6 Nxc1 44. Rxc1 Rxb6 45. Kh3 Rb2 46. Rc4 Rxa2 47. Ra4 Ra1 48. Kg4 Kf8 49. Ra7 Kg7 50. e5 a2 51. e6 Kf8 52. Rxf7+ Kg8 53. Ra7 Re1 54. Rxa2 Rxe6 55. f4 Re7 56. Ra5 Rg7+ 57. Rg5 Kh7 58. Rxg7+ Kxg7 59. Kg5 Kh8 60. f5 Kh7 61. g4 Kh8 62. h5 Kh7 63. Kh4 Kh8 64. g5 Kh7 65. Kg4 Kh8 66. Kf4 Kh7 67. Ke5 Kh8 68. Kf6 Kh7 69. h6 Kh8 70. g6 Kg8 71. Ke6 Kh8 72. f6 Kg8 73. f7+ Kh8 74. f8=Q# 1-0


[Site "https://www.chess.com"]

[Event "Titled Tuesday Blitz April 25 Late 2023"]
[White "Seletsky, Grigory"]
[Black "Albuquerque Junior,Wellington S."]
[WhiteFideId "14112191"]
[BlackFideId "2151480"]
[WhiteElo "2490"]
[BlackElo "2109"]
[Result "1/2-1/2"]
[Round "06"]
[TimeControl "180+2"]
[Date "2023.04.25"]
[WhiteClock "0:00:37"]
[BlackClock "0:00:07"]

1. e4 c5 2. Nf3 d6 3. d4 cxd4 4. Nxd4 Nf6 5. Nc3 Nc6 6. Be3 Ng4 7. Nxc6 bxc6 8. Bc1 Qb6 9. Qe2 a5 10. h3 Ne5 11. Qe3 Qxe3+ 12. Bxe3 Ba6 13. O-O-O Bxf1 14. Rhxf1 g6 15. f4 Nd7 16. Bd4 Rg8 17. b3 Bg7 18. Bxg7 Rxg7 19. Rde1 g5 20. f5 h5 21. Kb2 g4 22. h4 f6 23. Ne2 Nc5 24. Nf4 Rh7 25. Nd3 Nxd3+ 26. cxd3 c5 27. Rc1 a4 28. Rc4 axb3 29. axb3 Kd7 30. g3 Rhh8 31. Ra1 Rxa1 32. Kxa1 Ra8+ 33. Ra4 Rb8 34. Kb2 Ke8 35. Kc3 Kf7 36. Ra7 Rb4 37. Ra4 Rb8 38. Ra3 Rb4 39. Ra4 Rb8 1/2-1/2


[Site "https://www.chess.com"]

[Event "Titled Tuesday Blitz April 25 Late 2023"]
[White "Bogaudinov, Rushan"]
[Black "Pinto, Daniel"]
[WhiteFideId "4129288"]
[BlackFideId "3303144"]
[WhiteElo "1967"]
[BlackElo "2145"]
[Result "1/2-1/2"]
[Round "06"]
[TimeControl "180+2"]
[Date "2023.04.25"]
[WhiteClock "0:00:38"]
[BlackClock "0:00:12"]

1. d4 Nf6 2. c4 c5 3. e3 cxd4 4. exd4 d5 5. Nc3 Nc6 6. cxd5 Nxd5 7. Bc4 Nb6 8. Bb5 a6 9. Bxc6+ bxc6 10. Nf3 g6 11. O-O Bg7 12. Ne5 Bd7 13. Qf3 O-O 14. Nxc6 Bxc6 15. Qxc6 Bxd4 16. Bh6 Re8 17. Rfd1 e5 18. Ne4 Re6 19. Qc2 Rc8 20. Qe2 f5 21. Bg5 Qf8 22. Nc3 h6 23. Rxd4 hxg5 24. Rdd1 Qg7 25. Qxa6 Rb8 26. a4 Qf7 27. Qb5 Ree8 28. a5 Nc4 29. Qd5 Rxb2 30. a6 Rb3 31. Qxf7+ Kxf7 32. Nd5 Nb6 33. a7 Nxd5 34. Rxd5 Ra8 35. Rxe5 Kf6 36. Rea5 g4 37. g3 Kg5 38. Kg2 Rb2 39. R1a2 Rb7 40. Ra6 Rb5 41. Rc6 Rb7 42. Raa6 Rg7 43. h4+ gxh3+ 44. Kxh3 Raxa7 45. Rxg6+ Rxg6 46. Rxa7 Rh6+ 47. Kg2 Rc6 48. Rg7+ Kf6 49. Rd7 Kg5 50. Rd4 Rc3 51. Kh3 Rc6 52. Rd7 Kf6 53. f4 Kg6 54. Rd8 Rb6 55. Re8 Rc6 56. Re2 Rd6 57. Re3 Rc6 58. Kg2 Rc2+ 59. Kf3 Rc6 60. Rd3 Rb6 61. Rc3 Rd6 62. Ra3 Rb6 63. Kg2 Rc6 64. Kh3 Rd6 65. Ra8 Rc6 66. Rg8+ Kf7 67. Rg5 Kf6 68. g4 Rc3+ 69. Kh4 fxg4 70. Kxg4 Rc1 71. Rf5+ Kg6 72. Rg5+ Kf6 73. Rb5 Rg1+ 74. Kf3 Rf1+ 75. Ke3 Re1+ 76. Kf2 Re6 77. Rb3 Rc6 78. Kf3 Rd6 79. Kg4 Rc6 80. Rb5 Rd6 81. Rh5 Kg6 82. f5+ Kg7 83. Kg5 Rd1 84. Rh4 Rg1+ 85. Kf4 Rf1+ 86. Ke5 Re1+ 87. Kd5 Rf1 88. Ke6 Re1+ 89. Kd5 Rf1 90. Ke5 Re1+ 91. Re4 Rxe4+ 92. Kxe4 Kf6 93. Kf4 Kf7 94. Ke5 Ke7 95. Kd5 Kf6 96. Ke4 Kf7 97. Ke5 Ke7 98. f6+ Kf7 99. Kf5 Kf8 100. Kg5 Kf7 101. Kf5 Kf8 102. Ke5 Kf7 103. Kf5 1/2-1/2


[Site "https://www.chess.com"]

[Event "Titled Tuesday Blitz April 25 Late 2023"]
[White "Garmash, Aliona"]
[Black "Fernandez Siles, Luis"]
[WhiteFideId "34127620"]
[BlackFideId "2209420"]
[WhiteElo "1959"]
[BlackElo "2195"]
[Result "1/2-1/2"]
[Round "06"]
[TimeControl "180+2"]
[Date "2023.04.25"]
[WhiteClock "0:00:08"]
[BlackClock "0:00:14"]

1. d4 Nf6 2. c4 g6 3. Nc3 Bg7 4. e4 d6 5. Nf3 O-O 6. Be2 c5 7. d5 e6 8. O-O exd5 9. cxd5 a6 10. a4 Bg4 11. Bf4 Ne8 12. h3 Bxf3 13. Bxf3 Nd7 14. Re1 Ne5 15. Be2 g5 16. Bg3 Ng6 17. Qd2 Be5 18. Bxe5 Nxe5 19. f4 gxf4 20. Qxf4 Ng6 21. Qg3 Qe7 22. Bg4 Qe5 23. Qf2 Ng7 24. Rf1 h5 25. Bf5 Ne7 26. Rae1 Qd4 27. Qxd4 cxd4 28. Ne2 Ngxf5 29. exf5 Nxd5 30. Nxd4 Rfe8 31. g3 Re5 32. Rxe5 dxe5 33. Nf3 Ne3 34. Re1 Nxf5 35. Rxe5 Ng7 36. Re7 b5 37. axb5 axb5 38. Kf2 Ne6 39. Rb7 Ra5 40. Ne5 Nc5 41. Rb8+ Kg7 42. Nc6 Ra2 43. Rxb5 Rxb2+ 44. Rxb2 Nd3+ 45. Ke3 Nxb2 46. Nd4 Kg6 47. Kf4 Nd3+ 48. Ke3 Ne5 49. Nf3 Nc4+ 50. Kf4 Nb6 51. Ne5+ Kf6 52. Nd3 Nd5+ 53. Kf3 Kg5 54. Ne5 f6 55. Nd3 Ne7 56. Nc5 Ng6 57. Ne4+ Kf5 58. g4+ hxg4+ 59. hxg4+ Ke5 60. Nc5 Nh4+ 61. Kg3 Ng6 62. Kf3 Kd5 63. Nd3 Ke6 64. Nf4+ Nxf4 65. Kxf4 Kf7 66. Kf5 Kg7 67. g5 fxg5 68. Kxg5 1/2-1/2


[Site "https://www.chess.com"]